 Dungeon Crawl Stone Soup version 0.25.0-11-g1f837a76a1 (console) character file.

Game seed: 3485148177711677718

41 bli the Insei (level 3, 0/18 HPs)
             Began as a Vine Stalker Transmuter on June 27, 2020.
             Succumbed to an adder's poison
             ... on level 2 of the Dungeon.
             The game lasted 00:02:45 (1184 turns).

bli the Insei (Vine Stalker Transmuter)             Turns: 1184, Time: 00:02:45

Health: 0/18       AC:  2    Str: 10 (12) XL:     3   Next: 52%
Magic:  2/8        EV: 12    Int: 13 (14) God:
Gold:   49         SH:  0    Dex: 13 (14) Spells: 6/7 levels left

rFire    . . .     SeeInvis .     - Unarmed
rCold    . . .     Gourm    .   (no shield)
rNeg     . . .     Faith    .   b - +0 robe
rPois    .         Spirit   +   (no helmet)
rElec    .         Reflect  .   (no cloak)
rCorr    .         Harm     .   (no gloves)
MR       .....                  (boots currently unavailable)
Stlth    +.........             (no amulet)
HPRegen  0.06/turn              (no ring)
MPRegen  0.11/turn              (no ring)

@: lethally poisoned (0 -> -16), appendage (expiring), stab, hasted, very quick
A: fangs 2, talons 3, magic shield, antimagic bite, no potion heal 3, rot
immunity
a: End Transformation


You were on level 2 of the Dungeon.
You were hungry.
You had grown temporary talons.
You visited 1 branch of the dungeon, and saw 2 of its levels.

You collected 49 gold pieces.

Inventory:

Missiles
 a - 12 arrows
 c - 38 sling bullets
 e - 49 stones (quivered)
Armour
 b - a +0 robe (worn)
 f - a +0 ring mail
 j - a +0 leather armour
Jewellery
 h - a +4 ring of protection {unknown}
Scrolls
 l - a scroll of teleportation {unknown}
Comestibles
 d - 2 rations


   Skills:
 * Level 1.4 Fighting
 + Level 1.8 Dodging
 + Level 3.6 Unarmed Combat
 * Level 2.7 Spellcasting
 - Level 2.0 Transmutations


You had 6 spell levels left.
You knew the following spells:

 Your Spells              Type           Power        Failure   Level  Hunger
a - Beastly Appendage     Tmut           #.....       11%         1    #......

Your spell library contained the following spells:

 Spells                   Type           Power        Failure   Level  Hunger
 Sticks to Snakes         Tmut           #.......     16%         2    ###....
 Spider Form              Tmut/Pois      #.........   43%         3    ###....
 Ice Form                 Ice/Tmut       #.......     83%         4    #####..
 Blade Hands              Tmut           #.........   96%         5    ######.


Dungeon Overview and Level Annotations

Branches:
Dungeon (2/15)

Altars:


Innate Abilities, Weirdness & Mutations

You have extremely sharp teeth.
When hurt, damage is shared between your health and your magic reserves.
Your bite disrupts and absorbs the magic of your enemies.
Potions cannot restore your health.
You are immune to rotting.
You have claws for feet.


Message History

You feel weakened.
You feel dopey.
You feel clumsy. The adder barely misses you.
You hit the adder. Your kick misses the adder.
The adder is heavily wounded.
* * * LOW HITPOINT WARNING * * *
You feel sick. The adder closely misses you.
It was a potion of stabbing.
You feel ready to backstab.
* * * LOW HITPOINT WARNING * * *
You feel sick. The adder barely misses you.
You barely miss the adder. Your kick misses the adder.
The adder is heavily wounded.
The adder bites you.
* * * LOW HITPOINT WARNING * * *
The adder bites you.
* * * LOW HITPOINT WARNING * * *
You are more poisoned.
The adder poisons you!
It was a potion of haste.
You feel yourself speed up.
You die...

... ..... .....
#.#######
.....##.......#######
....######..@S......
#........!........
#................$
#.................
#.................
###
#.................
..#
###.......##########
#.# #.'.......# #.#
#.#......## #.#
#.#......# #.#
#.########


You could see an adder.

Vanquished Creatures
  2 adders (D:2)
  A leopard gecko (D:1)
  2 giant cockroaches
  2 goblins (D:1)
  A hobgoblin (D:1)
  4 jackals (D:1)
  A quokka (D:2)
  3 bats
  4 kobolds (D:1)
  A fungus (D:1)
21 creatures vanquished.

Notes
Turn   | Place    | Note
-------+----------+-------------------------------------------
     0 | D:1      | bli the Vine Stalker Transmuter began the quest for the
                  | Orb.
     0 | D:1      | Reached XP level 1. HP: 9/9 MP: 4/4
    14 | D:1      | Reached skill level 1 in Fighting
   295 | D:1      | Reached XP level 2. HP: 14/14 MP: 4/6
   867 | D:2      | Reached XP level 3. HP: 11/18 MP: 5/8
  1184 | D:2      | Succumbed to an adder's poison

Illustrated notes

Levels and vault maps discovered:
D:1:      tarquinn_simple_flora_water_f, layout_rooms,
          hangedman_abyss_or_decor_lesser_grid
D:2:      layout_basic, chequers_ecumenical_altar_twisty, first_ration

Skill      XL: |  1 |
---------------+----+-----
Fighting       | 1 |  1.4
Dodging        | |  1.8
Unarmed Combat | |  3.6
Spellcasting   | |  2.7
Transmutations | |  2.0

Action                   || total
-------------------------++-------
Melee: Unarmed           ||    62
       Bite              ||    15
       Headbutt          ||     5
       Punch             ||     3
       Kick              ||     2
 Cast: Beastly Appendage ||     6
  Use: Potion            ||     3
Armor: Robe              ||     9
Dodge: Dodged            ||    29
